Cogmind - Beta 9.6 @@@ ROGUE MODE // 2020.07.31 @ 21:02:21 Player: Alexbot Result: Self-destructed Performance ------------- Evolutions (3) 1500 Regions Visited (4) 800 Robots Destroyed (9) 45 Value Destroyed (82) 82 Prototype IDs (0) 0 Alien Tech Used (0) 0 Bonus (0) 0 TOTAL SCORE: 2427 Bonus ------- None Cogmind --------- Core Integrity 342/700 Matter 250/300 Energy 100/100 System Corruption 0% Temperature Cool (0) Movement Core (50) Location -7/Factory Parts ------- > --- POWER (2) -------- (None) > --- PROPULSION (6) --- (None) > --- UTILITY (3) ------ (None) > --- WEAPON (2) ------- (None) > --- INVENTORY (4) ---- Large Storage Unit Peak State ------------ > --- POWER ------------ Light Ion Engine > --- PROPULSION ------- Flight Unit Flight Unit > --- UTILITY ---------- Improved Signal Interpreter Terrain Scanner > --- WEAPON ----------- Assault Rifle Light Assault Rifle > --- INVENTORY -------- (None) [Rating: 8] Favorites ----------- Power Light Ion Engine Engine Light Ion Engine Propulsion Flight Unit Leg Aluminum Leg Flight Unit Flight Unit Utility Improved Signal Interpreter Device Terrain Scanner Storage Small Storage Unit Processor Improved Signal Interpreter Weapon Assault Rifle Energy Gun Small Laser Ballistic Gun Assault Rifle Build | -11 -10 -9 -8 -7 ------- Run | Scr Mat Mat Mat Fac Slots Evolved 6 | . . 2 2 2 Power 1 | . . 1 . . Propulsion 4 | . . 1 1 2 Utility 1 | . . . 1 . Weapon . | . . . . . Parts Attached 14 | . 2 7 1 4 Power 3 | . . 1 . 2 Engine 3 | . . 1 . 2 Core . | . . . . . Reactor . | . . . . . Propulsion 4 | . . 2 . 2 Treads . | . . . . . Leg . | . . . . . Wheel . | . . . . . Hover . | . . . . . Flight 4 | . . 2 . 2 Utility 2 | . . 2 . . Device 1 | . . 1 . . Storage . | . . . . . Processor 1 | . . 1 . . Hackware . | . . . . . Protection . | . . . . . Artifact . | . . . . . Weapon 5 | . 2 2 1 . Energy Gun 1 | . 1 . . . Energy Cannon . | . . . . . Ballistic Gun 4 | . 1 2 1 . Ballistic Cannon . | . . . . . Launcher . | . . . . . Special Weapon . | . . . . . Impact Weapon . | . . . . . Slashing Weapon . | . . . . . Piercing Weapon . | . . . . . Special Melee Weapon . | . . . . . Unidentified Prototypes . | . . . . . Parts Lost 14 | . 1 6 4 3 Power 2 | . . 1 . 1 Propulsion 4 | . . 1 1 2 Utility 2 | . . . 2 . Weapon 6 | . 1 4 1 . Highest Loss Streak 6 | . 1 6 4 3 Average Slot Usage (%) 23 | . 28 53 13 17 Engine 3 | . . 9 . 5 Flight 8 | . . 18 2 11 Device 1 | . . 4 3 . Processor 2 | . . 4 4 . Energy Gun 3 | . 14 4 . . Ballistic Gun 4 | . 14 11 2 . Naked Turns 92 | . . . 60 32 Heaviest Build 9 | 9 3 6 1 3 Greatest Support 20 | 20 3 8 4 8 Greatest Overweight (x) . | . . . . . Average Overweight (x) . | . . . . . Largest Inventory Capacity 6 | . 6 4 4 4 Average Capacity 4 | . 4 4 4 4 Most Carried 6 | . 6 3 4 3 Average Carried 1 | . 2 . 2 1 Final Capacity 6 | 6 4 4 4 4 Final Carried 6 | 6 4 1 4 1 Class Distribution -------------------- 100% | Mutant Dominant Class ---------------- Mutant | -10/Materials Mutant | -9/Materials Mutant | -8/Materials Mutant | -7/Factory Resources | -11 -10 -9 -8 -7 ----------- Run | Scr Mat Mat Mat Fac Matter Collected 269 | 200 19 . 50 . Remotely . | . . . . . Salvage Created 184 | . 55 44 85 . Parts 16 | . 5 6 5 . Haulers Intercepted 1 | . . . 1 . Recyclers Shooed . | . . . . . Parts Field Recycled . | . . . . . Retrieved Matter . | . . . . . Parts Self-Destructed . | . . . . . Prevented . | . . . . . Kills | -11 -10 -9 -8 -7 ------- Run | Scr Mat Mat Mat Fac Combat Hostiles Destroyed 8 | . 3 3 2 . Guns 8 | . 3 3 2 . Classes Destroyed 2 | . 1 . 1 . Hauler 1 | . . . 1 . Swarmer 8 | . 3 3 2 . Best Kill Streak 3 | . 3 3 2 . Combat Bots Only 3 | . 3 3 2 . Max Kills in Single Turn 2 | . 2 1 1 . Gunslinging 1 | . 1 . . . Exploded . | . . . . . Melee . | . . . . . Uniques/NPCs Destroyed . | . . . . . Combat | -11 -10 -9 -8 -7 -------- Run | Scr Mat Mat Mat Fac Damage Taken 1742 | . 271 421 599 451 Core 1040 | . 131 133 418 358 Absorbed by Shields . | . . . . . Core Remaining (%) 59 | 100 47 66 24 . Volleys Fired 28 | . 8 9 11 . Largest 2 | . 2 2 1 . Hottest 60 | . 60 40 20 . Shots Fired 34 | . 13 10 11 . Gun 34 | . 13 10 11 . Cannon . | . . . . . Launcher . | . . . . . Special . | . . . . . Kinetic 29 | . 8 10 11 . Thermal 5 | . 5 . . . Explosive . | . . . . . Electromagnetic . | . . . . . Robot Hit Streak 9 | . 3 8 9 . Robot Miss Streak 4 | . 2 4 1 . Penetration Max . | . . . . . Secondary Targets 2 | . 1 1 . . Max Gunslinging Chain 1 | . 1 1 . . Shots Hit Robots 24 | . 8 6 10 . Core Hits 16 | . 3 6 7 . Critical Hits . | . . . . . Critical Kills . | . . . . . Critical Parts Destroyed . | . . . . . Melee Attacks . | . . . . . Impact . | . . . . . Slashing . | . . . . . Piercing . | . . . . . Sneak Attacks . | . . . . . Combat Hostiles . | . . . . . Follow-up Attacks . | . . . . . Damage Inflicted 325 | . 90 54 181 . Guns 267 | . 90 54 123 . Cannons . | . . . . . Explosions . | . . . . . Melee . | . . . . . Ramming 58 | . . . 58 . Kinetic 225 | . 48 54 123 . Thermal 42 | . 42 . . . Explosive . | . . . . . Electromagnetic . | . . . . . Impact . | . . . . . Slashing . | . . . . . Piercing . | . . . . . Highest Corruption . | . . . . . Average Corruption . | . . . . . Corruption Purged . | . . . . . Overload Shots . | . . . . . Overflow Damage . | . . . . . Projectiles . | . . . . . Explosions . | . . . . . Melee . | . . . . . Knockbacks 1 | . . . 1 . Impact 1 | . . . 1 . Kinetic . | . . . . . Secondary . | . . . . . Self-Inflicted Damage 28 | . . . 28 . Shots . | . . . . . Rammed 7 | . . . 7 . Targets Rammed 7 | . . . 7 . Kicked . | . . . . . Crushed . | . . . . . Highest Temperature 15 | . 15 7 . . Average Temperature 7 | . 8 5 . . Received Heat Transfer 441 | . 90 138 153 60 Siege Activations . | . . . . . Robots Corrupted . | . . . . . Combat Hostiles . | . . . . . Parts Fried . | . . . . . Impact Corruptions . | . . . . . Robots Melted . | . . . . . Combat Hostiles . | . . . . . Parts Melted . | . . . . . Heat Transferred 100 | . 100 . . . Parts Sabotaged . | . . . . . Parts Stolen . | . . . . . Parts Stripped . | . . . . . Power Chain Reactions . | . . . . . Missiles Intercepted . | . . . . . Alert | -11 -10 -9 -8 -7 ------- Run | Scr Mat Mat Mat Fac Peak Influence 156 | . 90 156 134 119 Average Influence 77 | . 32 96 95 79 Maximum Alert Level . | . . . . . Low Security (%) 100 | . 100 100 100 100 Level 1 . | . . . . . Level 2 . | . . . . . Level 3 . | . . . . . Level 4 . | . . . . . Level 5 . | . . . . . High Security . | . . . . . Max Security . | . . . . . Squads Dispatched 1 | . . 1 . . Investigation . | . . . . . Extermination . | . . . . . Reinforcement 1 | . . 1 . . Assault . | . . . . . Garrison . | . . . . . Intercept . | . . . . . Construction Impeded . | . . . . . Haulers Reinforced . | . . . . . Stealth | -11 -10 -9 -8 -7 --------- Run | Scr Mat Mat Mat Fac Distress Signals 1 | . . . 1 . Communications Jammed . | . . . . . Distress Signals . | . . . . . Times Spotted 53 | . 8 13 18 14 Peak Tracking Total 12 | . 8 11 12 6 Tactical Retreats 7 | . . 1 2 4 Traps | -11 -10 -9 -8 -7 ------- Run | Scr Mat Mat Mat Fac Traps Triggered 1 | . . . . 1 Indirectly . | . . . . . Trap Hack Attempts . | . . . . . Triggered . | . . . . . Disarmed . | . . . . . Reprogrammed . | . . . . . Reused . | . . . . . Traps Extracted . | . . . . . Installed . | . . . . . Triggered . | . . . . . Machines | -11 -10 -9 -8 -7 ---------- Run | Scr Mat Mat Mat Fac Machines Disabled . | . . . . . Max in Single Turn . | . . . . . Machines Sabotaged . | . . . . . Garrisons Compromised . | . . . . . Overloaded Fab Kills . | . . . . . Fab Network Shutdowns . | . . . . . Hacking | -11 -10 -9 -8 -7 --------- Run | Scr Mat Mat Mat Fac Machines Accessed 6 | . 1 1 . 4 Terminals 6 | . 1 1 . 4 Fabricators . | . . . . . Repair Stations . | . . . . . Recycling Units . | . . . . . Scanalyzers . | . . . . . Garrison Access . | . . . . . Total Hacks 12 | . 1 5 . 6 Successful 4 | . . 2 . 2 Failed 8 | . 1 3 . 4 Catastrophic 3 | . . . . 3 Database Lockouts . | . . . . . Manual 11 | . 1 5 . 5 Terminals 12 | . 1 5 . 6 Fabricators . | . . . . . Repair Stations . | . . . . . Recycling Units . | . . . . . Scanalyzers . | . . . . . Garrison Access . | . . . . . Terminal Hacks 2 | . . 1 . 1 Level Access Points 1 | . . 1 . . Branch Access Points 1 | . . . . 1 Fabricator Hacks . | . . . . . Repair Station Hacks . | . . . . . Recycling Unit Hacks . | . . . . . Scanalyzer . | . . . . . Garrison Access Hacks . | . . . . . Unauthorized Hacks 2 | . . 1 . 1 Terminals 2 | . . 1 . 1 Botnet 2 | . . 1 . 1 Fabricators . | . . . . . Repair Stations . | . . . . . Recycling Units . | . . . . . Scanalyzers . | . . . . . Garrison Access . | . . . . . Data Cores Recovered . | . . . . . Used . | . . . . . Hacking Detections 5 | . 1 1 . 3 Full Trace Events . | . . . . . Feedback Events . | . . . . . Feedback Blocked . | . . . . . Robot Schematics Acquired . | . . . . . Robots Built . | . . . . . Matter . | . . . . . Time . | . . . . . Total Robot Build Rating . | . . . . . Part Schematics Acquired . | . . . . . Parts Built . | . . . . . Matter . | . . . . . Time . | . . . . . Total Part Build Rating . | . . . . . Parts Repaired . | . . . . . Time . | . . . . . Parts Recycled . | . . . . . Recycled Matter . | . . . . . Retrieved Matter . | . . . . . Retrieved Components . | . . . . . Parts Scanalyzed . | . . . . . Part Schematics Acquired . | . . . . . Parts Damaged . | . . . . . Bothacking | -11 -10 -9 -8 -7 ------------ Run | Scr Mat Mat Mat Fac Used RIF Installer . | . . . . . Robots Hacked . | . . . . . Non-combat . | . . . . . Combat . | . . . . . Robot Hacks Applied . | . . . . . Relay Couplers Released . | . . . . . Robots Rewired . | . . . . . Allies Hacked . | . . . . . Hacks Repelled . | . . . . . Allies | -11 -10 -9 -8 -7 -------- Run | Scr Mat Mat Mat Fac Total Allies . | . . . . . Largest Group . | . . . . . Highest-Rated Group . | . . . . . Highest-Rated Ally . | . . . . . Total Orders . | . . . . . Ally Attacks . | . . . . . Total Damage . | . . . . . Kills . | . . . . . Allies Corrupted . | . . . . . Allies Melted . | . . . . . Intel | -11 -10 -9 -8 -7 ------- Run | Scr Mat Mat Mat Fac Robot Analysis Total . | . . . . . Derelict Logs Recovered . | . . . . . Drone Launches . | . . . . . Drone Recoveries . | . . . . . Exploration | -11 -10 -9 -8 -7 ------------- Run | Scr Mat Mat Mat Fac Turns Passed 485 | . 91 75 127 192 Spaces Moved 905 | 1 115 130 182 477 Core 314 | . 115 . 136 63 Treads . | . . . . . Legs 1 | 1 . . . . Wheels . | . . . . . Hover . | . . . . . Flight 590 | . . 130 46 414 Fastest Speed 37 | 120 50 37 40 37 Average Speed 41 | 120 50 37 47 38 Slowest Speed 120 | 120 50 40 50 50 Overloaded Moves . | . . . . . Propulsion Burnouts . | . . . . . Robots Hopped 17 | . . 7 1 9 Cave-ins Triggered . | . . . . . Exploration Rate (%) 20 | 2 35 19 25 22 Regions Visited 4 Branch Regions . Pre-discovered Areas . | . . . . . Known Exits Taken 1 | . . 1 . . Unknown Exits Taken 3 | 1 1 . 1 . Scrap Searched . | . . . . . Spaces Dug . | . . . . . Terrain Destroyed . | . . . . . Melee . | . . . . . Projectile . | . . . . . AOE . | . . . . . Actions | -11 -10 -9 -8 -7 --------- Run | Scr Mat Mat Mat Fac Total 960 | . 138 139 210 473 Wait 10 | . 2 . 7 1 Move 868 | . 114 116 179 459 Hop 16 | . . 6 1 9 Pick Up 8 | . 3 1 4 . Fast Attach 5 | . 1 3 . 1 Attach 9 | . 1 4 1 3 Detach 2 | . 2 . . . Swap . | . . . . . Drop 7 | . 7 . . . Fire 28 | . 8 9 11 . Melee . | . . . . . Ram 7 | . . . 7 . Kick . | . . . . . Crush . | . . . . . Escape Stasis . | . . . . . Rewire . | . . . . . Trap . | . . . . . Miscellaneous . | . . . . . Route ------- -11/Scrapyard -10/Materials (discovered 2 exits: *Mat / [*Min]) -9/Materials (discovered 3 exits: *Mat x3) -8/Materials -7/Factory (discovered 4 exits: Sto x2 / Low x2) History --------- Turn | Location | Event 1 | -11/Scrapyard | Discovered new exit (range 0) 1 | -11/Scrapyard | Entered Materials 32 | -10/Materials | Discovered new exit (range 11) 87 | -10/Materials | Discovered new exit (range 10) 89 | -10/Materials | Core integrity fell below 50% 92 | -10/Materials | Entered another Materials area 92 | -9/Materials | Evolved 2 slots: Power x1, Propulsion x1 115 | -9/Materials | Identified exit to Materials 167 | -9/Materials | Entered another Materials area 167 | -8/Materials | Evolved 2 slots: Propulsion x1, Utility x1 191 | -8/Materials | Lost 6 parts (1p1n4w) 250 | -8/Materials | Core integrity fell below 50% 265 | -8/Materials | Lost 4 parts (1n2u1w) 290 | -8/Materials | Discovered new exit (range 13) 294 | -8/Materials | Entered Factory 294 | -7/Factory | Evolved 2 slots: Propulsion x2 317 | -7/Factory | Build established: Mutant 339 | -7/Factory | Identified exit to Storage 339 | -7/Factory | Identified exit to Lower Caves 482 | -7/Factory | Core integrity fell below 50% 485 | -7/Factory | Lost 3 parts (1p2n) 486 | -7/Factory | Self-destructed Last Messages --------------- >>Access(Branch) Found 4 branch access points: (168,48) Storage (4,77) Storage (21,35) Lower Caves (190,73) Lower Caves Map updated. 00359_ K-01 Serf latches onto G-47 Trooper. 00359_ K-01 Serf pushes G-47 Trooper. 00364_ K-01 Serf cleans the Fusion Modulator. 00364_ K-01 Serf pushes G-47 Trooper. 00409_ Triggered Blade Trap. 00409_ Massive razor-sharp blades shoot up from within the floor. 00409_ Lgt. Ion Engine severed. 00410_ Acquired Lgt. Ion Engine. 00412_ U-05 Engineer lays Concrete. 00424_ Connecting with Terminal... 00439_ Flight Unit destroyed. 00449_ Lgt. Ion Engine destroyed. 00454_ Flight Unit destroyed. Map ----- +----------------------------------------------------+ | ?????????????????????????????????????????????????? | | ?????????????????????????????????????????????????? | | ?????????????????????????????????????????????????? | | ?????????????????????????????????????????????????? | | ??????????????##?????????????????????????????????? | | ?????????????? #?????????????????????????????????? | | ?????????????? #?????????????????????????????????? | | ?????????????" #?????????????????????????????????? | | ?????? """??"" #?????????????????????????????????? | | ?????? """ """ #?????????????????????????????????? | | ?????? #?????????????????????????????????? | | ??# """ """ #????????????? ???????????????????? | | ??# ! """ """ #???????????? ????????????????? | | ??# """ """ #???????????? ??????????????? | | ??# #???????????? ????????????? | | ??# ############# ????????????? | | ??# ## ???????????? | | ?#############+## ???????????? | | ?# ??????????? | | ??????# ??????????? | | ??????# ??????????? | | ??????# ?????????? | | ??????# ?????????? | | ??????# ????????? | | ??????+ "????????? | | ??????# @ "????????? | | ??????# ##########??????????????? | | ??????# #???????????????????????? | | ??????# ###+#########???????????????? | | #+????# #?# #????????????? | | # ????# #?# #????????????? | | # ????# s ### #????????????? | | # ????# s + #????????????? | | # ##### ### #????????????? | | # #?# +????????????? | | # #?# #????????????? | | # #?# #????????????? | | # #?# #????????????? | | # ##?# #????????????? | | # #??# #????????????? | | # ####### #??# #?#??????????? | | # #??????##+## ###########+###?? ????????? | | # #??????????? ### ???????? | | #+##+###?????????? #??????? | | #??????????? +??????? | | #???????????? #??????? | | #?????????????# #??????? | | #?????????????# #??????? | | "" """ ############### #??????? | | "" """ # #??????? | +----------------------------------------------------+ Best States ------------- Heat Dissipation 34 Energy Generation 10 Energy Capacity 125 Matter Stores 290 Matter Capacity 300 Sight Range 16 Terrain Scan Range 14 Terrain Scan Density 10 Evasion (%) 62 Item Schematics ----------------- None Robot Schematics ------------------ None Fabricated ------------ Nothing Alien Tech Used ----------------- None Achievements -------------- None Challenges ------------ None Game ------ Seed FlightHardenedChip Manual? 0 Play Time 00:09:16 Cumulative 829.5 hours Start 2020.07.31 @ 20:55:08 End 2020.07.31 @ 21:02:21 Sessions 1 Manual Loads 0 Difficulty Rogue Special Mode None Game No. 244 Rogue 244 Adventurer 0 Explorer 0 Win Type - Total 45 Types 33/1/3/3/3/1/1 Lore% 97 Gallery% 99 Achievement% 95 Wizard Run 0 Options --------- ASCII 0 Keyboard 1 Movement Numpad Keybinds 0 Fullscreen 1 Font 18/SmallcapsGlow Map View 76x50 Tactical HUD 1 Map Filters NONE Filters NONE Steam 1 RUN: 9b561563-5a32-41ef-a398-6b3c032dee71